 Dungeon Sprint DCSS version 0.30.1-9-gdf580d7c3d (webtiles) character file.

Game seed: 12399096427355077822

91 Heoruswealwe the Poker (level 4, -11/44 HPs)
             Began as a Minotaur Fighter on Oct 4, 2023.
             Mangled by a sleepcap (13 damage)
             ... in the Dungeon (Sprint IX: "|||||||||||||||||||||||||||||").
             The game lasted 00:01:33 (80 turns).

Heoruswealwe the Poker (Minotaur Fighter)             Turns: 80, Time: 00:01:34

Health: -11/44     AC:  7    Str: 22    XL:     4   Next: 33%
Magic:  3/3        EV:  2    Int:  5    God:
Gold:   0          SH:  0    Dex: 10    Spells: 3/3 levels left

rFire   . . .        a - +0 trident
rCold   . . .        d - +0 buckler
rNeg    . . .        c - +0 scale mail
rPois   .            (helmet restricted)
rElec   .            (no cloak)
rCorr   .            (no gloves)
SInv    .            (no boots)
Will    .....        (no amulet) Stlth
                     (no ring)
HPRegen 0.27/turn    (no ring)
MPRegen 0.08/turn

%: no teleportation
@: sleeping
A: horns 2, retaliatory headbutt
a: no special abilities


You were in the Dungeon.
You visited 1 branch

Inventory:

Hand Weapons
 a - a +0 trident (weapon)
Armour
 c - a +0 scale mail (worn)
 d - a +0 buckler (worn)
Scrolls
 j - a scroll of blinking
Potions
 b - a potion of might
 e - a potion of curing
 g - a potion of haste
 i - a potion of berserk rage


   Skills:
 + Level 6.3 Fighting
 * Level 7.7 Polearms
 + Level 6.3 Armour
 - Level 3.6 Shields


You had 3 spell levels left.
You didn't know any spells.
Your spell library was empty.

Dungeon Overview and Level Annotations

Branches:
Dungeon (1/1)

Altars:


Innate Abilities, Weirdness & Mutations

You have a pair of horns on your head.
You reflexively headbutt those who attack you in melee.


Message History

You feel less confused. The sleepcap releases spores at you.
* * * LOW HITPOINT WARNING * * *
You are engulfed in a cloud of soporific spores!
You fall asleep.
The sleepcap releases spores at you!
You wake up.
* * * LOW HITPOINT WARNING * * *
You hit the sleepcap.
The sleepcap is lightly damaged.
The sleepcap barely misses you.
You hit the sleepcap.
The sleepcap is lightly damaged.
You block the sleepcap's attack.
You hit the sleepcap but do no damage.
The sleepcap is lightly damaged.
The sleepcap misses you. You furiously retaliate!
You headbutt the sleepcap! You puncture the sleepcap!
The sleepcap is almost destroyed.
The sleepcap barely misses you.
You puncture the sleepcap!
You destroy the sleepcap!
Your Fighting skill increases to level 6!
Your Polearms skill increases to level 7!
Your Armour skill increases to level 6!
You have reached level 4!
You feel agile. You block the sleepcap's attack.
Things that are here:
a +0 dagger; a +0 robe You hit the sleepcap.
The sleepcap is lightly damaged.
The sleepcap releases spores at you but does no damage.
You hit the sleepcap.
The sleepcap is moderately damaged.
The sleepcap releases spores at you.
* * * LOW HITPOINT WARNING * * *
You are engulfed in a cloud of soporific spores!
You fall asleep.
The sleepcap releases spores at you!
You die...

▓+▓
▓.▓
▓.▓
▓.▓
▓.▓
▓.▓
▓†▓
▓f▓
▓@▓
▓.▓
▓.▓
▓)▓
▓†▓
▓.▓
▓!▓
▓.▓
▓<▓


You could see a sleepcap.

Vanquished Creatures
  A sleepcap (D)
  An iguana (D)
  An orc wizard (D)
  An adder (D)
  A ball python (D)
  A goblin (D)
  2 bats (D)
  A frilled lizard (D)
9 creatures vanquished.

Notes
Turn   | Place    | Note
-------+----------+-------------------------------------------
     0 | D        | Heoruswealwe the Minotaur Fighter began the quest for the
                  | Orb.
     0 | D        | Reached XP level 1. HP: 19/19 MP: 0/0
     6 | D        | Reached skill level 3 in Polearms
    20 | D        | Noticed a sleepcap
    20 | D        | Noticed a sleepcap
    20 | D        | Noticed an orc wizard
    20 | D        | Noticed an iguana
    25 | D        | Reached skill level 4 in Polearms
    25 | D        | Reached XP level 2. HP: 25/28 MP: 1/1
    32 | D        | Reached skill level 5 in Fighting
    32 | D        | Reached skill level 6 in Polearms
    32 | D        | Reached skill level 5 in Armour
    32 | D        | Reached XP level 3. HP: 33/36 MP: 2/2
    71 | D        | HP: 1/37 [sleepcap (10)]
    77 | D        | Reached skill level 7 in Polearms
    77 | D        | Reached XP level 4. HP: 3/44 MP: 3/3
    79 | D        | HP: 2/44 [sleepcap (2)]
    80 | D        | Mangled by a sleepcap

Illustrated notes

Levels and vault maps discovered:
D:        linesprint [early_d, line_temple, items_1, d_10, items_2, lair_1,
          lair_end, items_3, orc_1, orc_end, items_4, d_15, swamp_1, shoals_1,
          snake_1, spider_1, d_20, vaults_1, items_5, swamp_end, shoals_end,
          snake_end, spider_end, vaults_end, d_27, items_6, zot_1, zot_end,
          crypt_end, forest_end, elf_end, slime_end, tomb_end, abyss_end,
          pan_hell_end]

Skill      XL: |  1  2  3 |
---------------+----------+-----
Polearms       | 4 6 7 |  7.7
Fighting       | 4 5 6 |  6.3
Armour         | 4 5 6 |  6.3
Shields        | |  3.6

Action                     |  1- 3 |  4- 6 || total
---------------------------+-------+-------++-------
  Melee: Trident           |    41 |     2 ||    43
         Headbutt          |     2 |       ||     2
    Use: Potion            |     1 |       ||     1
 Armour: Scale mail        |    27 |     1 ||    28
  Dodge: Dodged            |    16 |       ||    16
  Block: Buckler           |     3 |     1 ||     4
